 Dungeon Crawl Stone Soup version 0.29.1-4-g47bece8355 (webtiles) character file.

Game seed: 15815697667981017300

448 ChadusMaximus the Caller (level 7, -6/46 HPs)
             Began as a Human Summoner on Dec 6, 2022.
             Killed by divine providence
             ... invoked by an orc priest
              (10 damage)
             ... on level 3 of the Dungeon.
             The game lasted 00:05:49 (3764 turns).

ChadusMaximus the Caller (Human Summoner)           Turns: 3764, Time: 00:05:49

Health: -6/46      AC:  3    Str:  8    XL:     7   Next: 24%
Magic:  6/13       EV: 12    Int: 17    God:
Gold:   132        SH:  0    Dex: 14    Spells: 8/14 levels left

rFire   . . .      SeeInvis .   w - +1 hammer (protect)
rCold   . . .      Faith    .   (no shield)
rNeg    . . .      Spirit   .   a - +0 robe
rPois   .          Reflect  .   (no helmet)
rElec   .          Harm     .   (no cloak)
rCorr   .          Rampage  .   i - +0 pair of gloves
Will    .....                   (no boots)
Stlth   ++........              (no amulet)
HPRegen 0.15/turn               (no ring)
MPRegen 0.13/turn               (no ring)

@: no status effects
A: no striking features
a: no special abilities


You were on level 3 of the Dungeon.
You visited 1 branch of the dungeon, and saw 3 of its levels.

You collected 132 gold pieces.

Inventory:

Hand Weapons
 j - a +0 dagger
 m - a +0 war axe
 u - a +2 hand axe of draining
 w - a +1 hammer of protection (weapon)
Armour
 a - a +0 robe (worn)
 i - a +0 pair of gloves (worn)
Jewellery
 p - a ring of fire
 t - an amulet of the acrobat
Wands
 s - a wand of paralysis (2)
Scrolls
 c - 2 scrolls of fog {unknown}
 e - a scroll of blinking {unknown}
 h - a scroll of enchant armour {unknown}
 k - a scroll of fear {unknown}
 l - a scroll of magic mapping {unknown}
 n - a scroll of vulnerability {unknown}
 q - a scroll of poison {unknown}
 r - a scroll of teleportation {unknown}
 v - a scroll of immolation {unknown}
 x - a scroll of silence {unknown}
Potions
 b - a potion of magic
 d - 2 potions of lignification {unknown}
 f - 2 potions of mutation {unknown}
 g - a potion of curing {unknown}
 o - a potion of resistance


   Skills:
 - Level 2.3 Dodging
 - Level 2.3 Stealth
 + Level 4.1 Spellcasting
 * Level 6.8 Summonings


You had 8 spell levels left.
You knew the following spells:

 Your Spells              Type           Power      Damage    Failure   Level
a - Summon Small Mammal   Summ           100%       N/A       1%          1
b - Call Canine Familiar  Summ           26%        N/A       2%          3
c - Call Imp              Summ           26%        N/A       1%          2

Your spell library contained the following spells:

 Spells                   Type           Power      Damage    Failure   Level
 Summon Guardian Golem    Hex/Summ       15%        N/A       12%         3
 Summon Lightning Spire   Summ/Air       15%        N/A       36%         4
 Gell's Gravitas          Tloc           3%         N/A       43%         3
 Teleport Other           Tloc           3%         N/A       43%         3
 Dispersal                Tloc           1%         N/A       100%        6
 Orb of Destruction       Conj           1%         9d5       100%        7
 Spellforged Servitor     Conj/Summ      7%         N/A       100%        7


Dungeon Overview and Level Annotations

Branches:
Dungeon (3/15)

Altars:

Shops:
D:3 *


Message History

The orc hits you from afar with a +0 trident.
Your hound barely misses the orc.
Your hound bites the orc but does no damage.
The orc barely misses your hound.
Your hound bites the orc.
The orc hits you from afar with a +0 trident!
Your hound bites the orc but does no damage.
Your hound barely misses the orc.
The orc hits you but does no damage.
Your hound completely misses the orc.
You swap places.
The orc barely misses your hound.
Your hound misses the orc.
Your crimson imp blinks!
Your hound bites the orc.
The orc barely misses your hound.
Your hound bites the orc.
The orc dies!
Your crimson imp hits the dart slug.
Your hound bites the dart slug.
Your crimson imp hits the dart slug but does no damage.
Your hound bites the dart slug.
The dart slug launches a dart at your hound.
The slug dart misses your hound. The orc closely misses your hound.
Your hound bites the dart slug.
The dart slug dies!
Your hound bites the orc.
The orc hits your crimson imp with a +0 dagger.
Your hound bites the orc.
The orc dies!
Your hound barely misses the orc priest.
Your hound bites the orc priest.
The orc priest mumbles some strange prayers to Beogh against you.
Beogh smites you!
* * * LOW HITPOINT WARNING * * *
Your crimson imp blinks!
Your hound bites the orc priest.
Your hound bites the orc priest.
Your hound bites the orc priest.
The orc priest attacks as you move away!
The orc priest hits you with a +0 short sword.
* * * LOW HITPOINT WARNING * * *
The orc priest mumbles some strange prayers to Beogh against you.
Beogh smites you!
You die...

#.....#)##########
.................#
.................#
.#...##)#######..# .##
.##.###..........##########w....
.#### ########...#.).hKoo†.oo...
.# #...#h#####.#[l.... .#
#...#o# #.# .K... .# #..@..# #.#
.... .# #..#### #..


$K> .# #..# ### o. .# #..# . .# #..# .# #..# .# ### ## You could see an orc
priest.

Vanquished Creatures
  Crazy Yiuf (D:3)
  Ijyb (D:3)
  A gnoll (D:3)
  A worm (D:3)
  2 bats
  An endoplasm (D:3)
  2 giant cockroaches (D:2)
  2 goblins
  A hobgoblin (D:3)
  A quokka (D:3)
  2 frilled lizards
  A kobold (D:2)
  2 rats
18 creatures vanquished.

Vanquished Creatures (collateral kills)
  Sigmund (D:2)
  A scorpion (D:3)
  An orc priest (D:3)
  Natasha (twice) (D:3)
  2 gnolls (D:3)
  An adder (D:3)
  3 dart slugs
  6 orcs (D:3)
  4 endoplasms
  A giant cockroach (D:2)
  A hobgoblin (D:1)
  3 kobolds
  7 ball pythons
  2 bats (D:1)
  A frilled lizard (D:1)
  2 rats (D:1)
38 creatures vanquished.

Vanquished Creatures (others)
  2 plants (D:2)
2 creatures vanquished.

Grand Total: 58 creatures vanquished

Notes
Turn   | Place    | Note
-------+----------+-------------------------------------------
     0 | D:1      | ChadusMaximus the Human Summoner began the quest for the
                  | Orb.
     0 | D:1      | Reached XP level 1. HP: 13/13 MP: 3/3
   102 | D:1      | Found a faded altar of an unknown god.
   436 | D:1      | Reached XP level 2. HP: 16/19 MP: 1/5
  1510 | D:2      | Noticed Sigmund
  1543 | D:2      | Reached XP level 3. HP: 24/24 MP: 3/6
  1547 | D:2      | Learned a level 3 spell: Call Canine Familiar
  1550 | D:2      | Learned a level 2 spell: Call Imp
  1605 | D:2      | Killed Sigmund
  1606 | D:2      | Reached skill level 5 in Summonings
  1606 | D:2      | Reached XP level 4. HP: 30/30 MP: 0/8
  1606 | D:2      | Reached XP level 5. HP: 35/35 MP: 0/9
  2532 | D:3      | Reached XP level 6. HP: 16/41 MP: 3/11
  2917 | D:3      | Noticed Ijyb
  2927 | D:3      | Paralysed by Ijyb for 5 turns
  2937 | D:3      | Killed Ijyb
  2998 | D:3      | Found Ceproz's Assorted Antiques.
  3009 | D:3      | Reached skill level 6 in Summonings
  3295 | D:3      | Noticed Natasha
  3304 | D:3      | Killed Natasha
  3305 | D:3      | Noticed Natasha
  3313 | D:3      | Killed Natasha
  3436 | D:3      | Found a runed translucent door.
  3437 | D:3      | Noticed Crazy Yiuf
  3473 | D:3      | Killed Crazy Yiuf
  3620 | D:3      | Reached XP level 7. HP: 43/46 MP: 8/12
  3764 | D:3      | Killed from afar by an orc priest

Illustrated notes

Levels and vault maps discovered:
D:1:      saegor_arrival_simple_e, layout_loops_corners,
          hellmonk_ecumenical_altar_run_dry, glass_columns_a,
          nicolae_kite_square_tiling_tiny
D:2:      layout_basic, guppyfry_early_lair_pool, uniq_sigmund
D:3:      layout_loops_ring, serial_shops, shop, st_stairs_5, uniq_ijyb,
          uniq_crazy_yiuf_cottage, uniq_natasha

Skill      XL: |  1  2  3  4  5  6  7 |
---------------+----------------------+-----
Spellcasting   | 3 4 |  4.1
Summonings     | 5 6 |  6.8
Dodging        | |  2.3
Stealth        | |  2.3

Action                   |  1- 3 |  4- 6 |  7- 9 || total
-------------------------+-------+-------+-------++-------
Melee: Unarmed           |    25 |       |       ||    25
       War axe           |     1 |    35 |       ||    36
       Mace              |       |    11 |     3 ||    14
       Hand axe          |       |     6 |       ||     6
 Cast: Summon Small Mamm |    33 |     7 |     2 ||    42
       Call Canine Famil |     1 |    14 |     2 ||    17
       Call Imp          |     1 |     6 |     2 ||     9
 Stab: Sleeping          |       |     3 |       ||     3
Armor: Robe              |    14 |    14 |     1 ||    29
Dodge: Dodged            |    48 |    36 |     3 ||    87
